 Dungeon Crawl Stone Soup version 0.28-a0-1002-gf00fe891ef (webtiles) character file.

Game seed: 10387516190374319348

19 r3xj the Cudgeller (level 2, -1/39 HPs)
             Began as a Minotaur Berserker on Dec 6, 2021.
             Was a Follower of Trog.
             Succumbed to an adder's poison
             ... on level 1 of the Dungeon.
             The game lasted 00:02:08 (1120 turns).

r3xj the Cudgeller (Minotaur Berserker)             Turns: 1120, Time: 00:02:09

Health: -1/39      AC:  4    Str: 21    XL:     2   Next: 55%
Magic:  1/1        EV: 12    Int:  4    God:    Trog [*.....]
Gold:   127        SH:  0    Dex:  9    Spells: 1/1 levels left

rFire   . . .      SeeInvis .   a - +0 mace
rCold   . . .      Faith    .   (no shield)
rNeg    . . .      Spirit   .   b - +0 animal skin
rPois   .          Reflect  .   (helmet restricted)
rElec   .          Harm     .   (no cloak)
rCorr   .          Rampage  .   c - +1 pair of gloves
Will    .....                   (no boots)
Stlth   ..........              (no amulet)
HPRegen 0.13/turn               (no ring)
MPRegen 0.07/turn               (no ring)

@: berserking, lethally poisoned (-1 -> -8), very quick
A: horns 2, retaliatory headbutt
a: Renounce Religion, Berserk


You were on level 1 of the Dungeon.
You worshipped Trog.
Trog was aware of your devotion.
You visited 1 branch of the dungeon, and saw 2 of its levels.

You collected 127 gold pieces.

Inventory:

Hand Weapons
 a - a +0 mace (weapon)
Missiles
 g - 5 javelins (quivered)
Armour
 b - a +0 animal skin (worn)
 c - a +1 pair of gloves (worn)
Scrolls
 d - a scroll of magic mapping {unknown}
 e - a scroll of identify {unknown}
 f - a scroll of teleportation {unknown}


   Skills:
 - Level 3.6 Fighting
 + Level 4.8 Maces & Flails
 - Level 2.4 Armour
 - Level 2.1 Dodging


You had one spell level left.
You didn't know any spells.
Your spell library was empty.

Dungeon Overview and Level Annotations

Branches:
Dungeon (2/15)

Altars:


Innate Abilities, Weirdness & Mutations

You have a pair of horns on your head.
You reflexively headbutt those who attack you in melee.


Message History

You barely miss the adder. Your headbutt misses the adder.
You feel very sick. The adder barely misses you.
You closely miss the adder. Your headbutt misses the adder.
You feel sick. The adder barely misses you. You furiously retaliate!
You headbutt the adder, but do no damage.
The adder barely misses you.
You completely miss the adder.
You feel sick. The adder barely misses you.
You closely miss the adder. Your headbutt misses the adder.
You feel sick. The adder misses you. x2
You barely miss the adder.
You feel sick. The adder closely misses you. The worm bites you!
* * * LOW HITPOINT WARNING * * *
You are too injured to fight recklessly!
You are too injured to fight recklessly!
You are too injured to fight recklessly!
You feel sick. The adder barely misses you.
There is a stone staircase leading up here.
You feel sick. The adder bites you but does no damage.
You climb upwards.
You feel sick.
You are no longer poisoned.
There is a stone staircase leading down here.
A red film seems to cover your vision as you go berserk!
You feel yourself moving faster!
You feel mighty! The adder bites you but does no damage.
You sock the adder!
The adder is severely wounded.
The adder bites you.
* * * LOW HITPOINT WARNING * * *
You miss the adder.
The adder is severely wounded.
The adder bites you.
* * * LOW HITPOINT WARNING * * *
You are lethally poisoned!
The adder poisons you!
You are too berserk!
You sock the adder!
You kill the adder!
Trog accepts your kill.
You die...

......####.........####...##
#....## ##.......## ##..#
...#.# ##.....## ##.# ####.#
##...###### #.# #.#
#........# #.### #.#
#..#####.# #...# #.# #..#
#.# ###.# #.# ###..#####.#
#.# #.# #.....@.##.# #.# #.#
#.....†....# #.# #.#
#.#..################
#.######.#..#..............#
#........#..#..............#
##########..#..............#
#..#..###.######..# ##.#..#
#.# #..# #.#..###.### #..#


There were no monsters in sight!

Vanquished Creatures
  An adder (D:1)
  A ball python (D:1)
  2 bats (D:1)
  2 endoplasms (D:1)
  6 hobgoblins (D:1)
  2 kobolds (D:1)
  2 rats (D:1)
16 creatures vanquished.

Vanquished Creatures (others)
  5 toadstools (D:1)
5 creatures vanquished.

Grand Total: 21 creatures vanquished

Notes
Turn   | Place    | Note
-------+----------+-------------------------------------------
     0 | D:1      | r3xj the Minotaur Berserker began the quest for the Orb.
     0 | D:1      | Reached XP level 1. HP: 19/19 MP: 0/0
   116 | D:1      | Reached skill level 4 in Maces & Flails
   487 | D:1      | Reached XP level 2. HP: 23/26 MP: 1/1
  1119 | D:1      | HP: 1/39 [adder (1)]
  1120 | D:1      | Succumbed to an adder's poison

Illustrated notes

Levels and vault maps discovered:
D:1:      dpeg_arrival_boxes_within_box, layout_loops_corners,
          minmay_gold_behind_fungi, patterned_corridor
D:2:      layout_rooms, minmay_misc_feat_alley, kennysheep_generic_room_16

Skill      XL: |  1 |
---------------+----+-----
Maces & Flails | 4 |  4.8
Fighting       | |  3.6
Armour         | |  2.4
Dodging        | |  2.1

Action                   || total
-------------------------++-------
Melee: Mace              ||    33
       Headbutt          ||     3
Invok: Berserk           ||     1
 Stab: Sleeping          ||     1
Armor: Animal skin       ||     7
Dodge: Dodged            ||    26

Table legend: (Time is in decaauts)
 A = Elapsed time spent in this place.
 B = Non-inter-level travel time spent in this place.
 C = Inter-level travel time spent in this place.
 D = Time resting spent in this place.
 E = Time spent auto-exploring this place.
 F = Levels seen in this place.
 G = Mean time per level.
                   A        B        C        D        E       F      G
               +--------+--------+--------+--------+--------+-----+--------+
         Total |   1125 |   1036 |     89 |      0 |    930 |   2 |  562.5 |
       Dungeon |   1125 |   1036 |     89 |      0 |    930 |   2 |  562.5 |
               +--------+--------+--------+--------+--------+-----+--------+

Top non-repeatable levels by time:
     D:1: 1113 daAuts
     D:2: 11 daAuts
